 Dungeon Crawl Stone Soup version 0.30-a0-715-gdb4ae3ece1 (webtiles) character file.

Game seed: 628493223228407177

12828 IdlyInterested the Carver (level 11, -9/77 HPs)
             Began as a Demonspawn Gladiator on Jan 24, 2023.
             Was a Follower of Hepliaklqana.
             Hit by a large rock thrown by a cyclops (15 damage)
             ... on level 13 of the Dungeon.
             The game lasted 00:42:59 (11812 turns).

IdlyInterested the Carver (Demonspawn Gladiator)   Turns: 11812, Time: 00:42:59

Health: -9/77      AC:  8    Str: 15    XL:     11   Next: 67%
Magic:  11/11      EV: 22    Int: 10    God:    Hepliaklqana [*.....]
Gold:   1031       SH:  0    Dex: 18    Spells: 10/10 levels left

rFire   + . .      SeeInvis +    v - +0 scimitar
rCold   . . .      Faith    +    (no shield)
rNeg    . . .      Spirit   .    Q - +0 steam dragon scales
rPois   +          Reflect  .    c - +1 helmet
rElec   .          Harm     .    (no cloak)
rCorr   .          Rampage  .    F - +0 pair of gloves
Will    .....                    (no boots)
Stlth   +++                      o - amulet of faith
HPRegen 0.32/turn                u - +5 ring of evasion
MPRegen 0.12/turn                a - ring of Ofrareom {Wiz rF+ Slay+2 SInv}

@: no status effects
A: reduced essence, demonic guardian 1, sturdy frame 1, demonic magic 1,
weakness stinger 2, claws 1, poison resistance
a: Renounce Religion, Recall Ancestor, Ancestor Identity


You were on level 13 of the Dungeon.
You worshipped Hepliaklqana.
Hepliaklqana was aware of your devotion.
You visited 2 branches of the dungeon, and saw 14 of its levels.

You collected 1034 gold pieces.
You spent 3 gold pieces at shops.

Inventory:

Hand Weapons
 l - a +2 dagger of venom
 n - a +1 dagger of freezing
 r - a +0 antimagic long sword
 v - a +0 scimitar (weapon)
 G - a +3 dagger of speed
 H - a +2 short sword of electrocution
 R - a +1 falchion of flaming
Missiles
 d - 3 throwing nets
 e - 11 javelins
 g - 93 stones
 h - 30 poisoned darts
 i - 8 atropa-tipped darts
 w - 3 curare-tipped darts
 x - 9 boomerangs (quivered)
 N - a silver boomerang
 S - a boomerang of dispersal
Armour
 c - a +1 helmet (worn)
 p - the +1 ring mail "Eveul" {+Blink rC+ Stlth-}
   (You found it on level 6 of the Dungeon)

   rC:        It protects you from cold.
   +Blink:    It lets you blink.
   Stlth:     It makes you less stealthy.
 A - a +0 helmet
 F - a +0 pair of gloves (worn)
 J - a +0 plate armour
 Q - +0 steam dragon scales (worn)
Jewellery
 a - the ring of Ofrareom (right hand) {Wiz rF+ Slay+2 SInv}
   (You acquired it on level 11 of the Dungeon)

   [ring of wizardry]

   It improves your spell success rate.
   Slay:      It affects your accuracy & damage with ranged weapons and melee
   (+2).
   rF:        It protects you from fire.
   SInv:      It lets you see invisible.
 o - an amulet of faith (around neck)
 u - a +5 ring of evasion (left hand)
 I - a ring of protection from cold
Wands
 s - a wand of polymorph (16)
 M - a wand of charming (7)
 V - a wand of light (11)
Scrolls
 f - 5 scrolls of blinking
 j - 8 scrolls of teleportation
 y - 3 scrolls of brand weapon
 B - 3 scrolls of vulnerability
 C - 2 scrolls of amnesia
 O - 6 scrolls of identify
 T - a scroll of enchant weapon
Potions
 b - 2 potions of cancellation
 k - 3 potions of haste
 m - 4 potions of mutation
 q - 3 potions of lignification
 t - 6 potions of curing
 z - 3 potions of attraction
 D - a potion of brilliance
 E - a potion of flight
 K - 2 potions of heal wounds
 L - 2 potions of ambrosia
 P - a potion of berserk rage


   Skills:
 - Level 8.0 Fighting
 * Level 13.3 Long Blades
 - Level 2.0 Throwing
 - Level 2.0 Armour
 - Level 8.0 Dodging
 * Level 4.0 Stealth
 - Level 2.0 Evocations


You had 10 spell levels left.
You didn't know any spells.
Your spell library contained the following spells:

 Spells                   Type           Power      Damage    Failure   Level
 Apportation              Tloc           0%         N/A       16%         1
 Necrotise                Necr           0%         1d4       16%         1
 Sting                    Tmut/Pois      0%         1d3       16%         1
 Summon Small Mammal      Summ           0%         N/A       16%         1
 Poisonous Vapours        Pois/Air       0%         N/A       22%         2
 Gell's Gravitas          Tloc           0%         N/A       41%         3
 Teleport Other           Tloc           0%         N/A       41%         3
 Olgreb's Toxic Radiance  Pois           0%         N/A       80%         4
 Dispersal                Tloc           0%         N/A       100%        6


Dungeon Overview and Level Annotations

Branches:
Dungeon (13/15)            Temple (1/1) D:7            Lair (0/5) D:11
    Orc (0/2) D:10
 Vaults: D:13-14

Altars:
Ashenzari
Cheibriados
Dithmenos
Fedhas
Gozag
Hepliaklqana
Kikubaaqudgha
Makhleb
Nemelex Xobeh
Okawaru
Qazlal
Ru
Sif Muna
Trog
Uskayaw
Vehumet
Wu Jian
Xom
Yredelemnul

Shops:
D:4 (   D:12 :   D:13 [


Innate Abilities, Weirdness & Mutations

Your life essence is reduced to manifest your ancestor. (-10% HP)
A weak demonic guardian rushes to your aid.
Your movements are slightly less encumbered by armour. (ER -2)
Spells you cast may paralyse adjacent enemies.
You have a tail ending in a sharp stinger.
You have sharp fingernails.
Your system is resistant to poisons. (rPois)


Message History

The white ugly thing headbutts you. The white ugly thing freezes you!!
You slash the white ugly thing!
The white ugly thing is heavily wounded.
Kammani hits the white ugly thing.
The white ugly thing completely misses you.
You barely miss the white ugly thing. You tail-slap the white ugly thing.
The white ugly thing is heavily wounded.
Kammani hits the white ugly thing but does no damage.
You closely miss the white ugly thing.
The white ugly thing is heavily wounded.
The white ugly thing headbutts you! The white ugly thing freezes you!
* * * LOW HITPOINT WARNING * * *
You closely miss the white ugly thing.
The white ugly thing is heavily wounded.
Kammani hits the white ugly thing.
The cyclops throws a large rock.
The large rock hits you!
* * * LOW HITPOINT WARNING * * *
A demonic guardian appears!
The white ugly thing completely misses you.
You slash the white ugly thing!
The white ugly thing is severely wounded.
Kammani hits the white ugly thing.
The white ugly thing headbutts Kammani.
The white ugly thing freezes Kammani!
Kammani resists.
The cyclops throws a large rock.
The large rock closely misses you.
You slash the white ugly thing!
The white ugly thing is almost dead.
The centaur warrior shouts!
The five-headed hydra roars!
Your ice devil hits the white ugly thing!
The white ugly thing dies!
Training target 8.0 for Fighting reached!
Your Fighting skill increases to level 8!
Unknown command.
Throw: 9 boomerangs
Press: ? - help, Q - select action, (/) - cycle Shift-Dir - straight line, f - cyclops
Aim: a cyclops, quivering large rocks (ally target, 88% to hit)
You throw a boomerang. The boomerang hits the cyclops!
The cyclops is lightly wounded.
The cyclops throws a large rock.
The large rock hits you!
You die...

..# ..# ..# ..# #..#
..# #C.# ..# #..#
..# ### #..# ..###
#...####++#..#++####
....#
#.)..R..C....)....
#.#.#
#..4@.............
#.#.#
#...####++#..#++##
..#.# ## #.cD #..#
###.# #.... #..#
.##.### #.....#..#
### ......#
#.....#..# #.#
.##.#.# #.....#..#
#.# ..<...#
#######..# ##.#
.##.#.# #.##..# #..#


You could see the friendly Kammani the ancestor, a five-headed hydra, a centaur
warrior, a cyclops (ally target) and a friendly ice devil (summoned).

Vanquished Creatures
  A two-headed ogre (D:8)
  2 death yaks (D:11)
  An ugly thing (D:13)
  A cyclops (D:11)
  A centaur zombie (D:10)
  Maggie (D:8)
  A gargoyle (D:13)
  An unseen horror zombie (D:10)
  A kobold demonologist (D:9)
  Grinder (D:4)
  A hornet (D:10)
  Sigmund (D:2)
  A water elemental (D:11)
  A shadow (D:12)
  10 yaks
  Eustachio (D:4)
  2 wraiths (D:11)
  2 wyverns
  4 vampire mosquitoes
  A basilisk (D:13)
  2 wargs (D:10)
  3 orc warriors
  2 black bears
  2 ogres
  3 centaurs
  4 kobold brigands
  3 bullfrogs
  A necrophage (D:5)
  6 killer bees (D:10)
  7 electric eels (D:11)
  7 howler monkeys
  A crimson imp (D:6)
  3 hounds
  2 jellies
  2 gnoll boudas (D:7)
  5 orc priests
  3 iguanas
  10 orc wizards
  3 hell rats (D:11)
  6 adders
  7 gnolls (D:7)
  A river rat (D:11)
  4 white imps
  An ufetubus (D:4)
  3 worms
  A dart slug (D:4)
  38 orcs
  7 ball pythons
  4 endoplasms
  6 giant cockroaches
  8 hobgoblins
  25 kobolds
  3 quokkas
  3 bats
  6 frilled lizards
  4 goblins
  7 rats
238 creatures vanquished.

Vanquished Creatures (collateral kills)
  A death yak (D:11)
  A cyclops (D:13)
  An ugly thing (D:13)
  A wyvern (D:10)
  A basilisk (D:13)
  A howler monkey (D:9)
  2 orc priests
  A gnoll (D:7)
  7 orcs
  An endoplasm (D:4)
  A kobold (D:6)
  A butterfly (D:7)
19 creatures vanquished.

Vanquished Creatures (others)
  An orc warrior (D:9)
  An ancestor (D:13)
  16 plants (D:11)
18 creatures vanquished.

Grand Total: 275 creatures vanquished

Notes
Turn   | Place    | Note
-------+----------+-------------------------------------------
     0 | D:1      | IdlyInterested the Demonspawn Gladiator began the quest for
                  | the Orb.
     0 | D:1      | Reached XP level 1. HP: 16/16 MP: 1/1
   203 | D:1      | Reached skill level 3 in Long Blades
   203 | D:1      | Reached skill level 1 in Armour
   203 | D:1      | Gained mutation: You have a small tail. [demonic ancestry]
   203 | D:1      | Reached XP level 2. HP: 22/22 MP: 2/2
   665 | D:2      | Gained mutation: Your movements are slightly less
                  | encumbered by armour. (ER -2) [demonic ancestry]
   665 | D:2      | Reached XP level 3. HP: 16/27 MP: 3/3
   774 | D:2      | Found an opulent altar of Gozag.
  1273 | D:2      | Gained mutation: A weak demonic guardian rushes to your
                  | aid. [demonic ancestry]
  1273 | D:2      | Reached XP level 4. HP: 30/33 MP: 4/4
  1547 | D:2      | Noticed Sigmund
  1559 | D:2      | Killed Sigmund
  1560 | D:2      | Reached skill level 5 in Long Blades
  1560 | D:2      | Reached XP level 5. HP: 32/38 MP: 5/5
  1881 | D:3      | Gained mutation: Your system is resistant to poisons.
                  | (rPois) [potion of mutation]
  1881 | D:3      | Gained mutation: You have sharp fingernails. [potion of
                  | mutation]
  2286 | D:3      | Gained mutation: You have a tail ending in a sharp stinger.
                  | [demonic ancestry]
  2286 | D:3      | Reached XP level 6. HP: 34/44 MP: 6/6
  2685 | D:4      | Noticed Grinder
  2687 | D:4      | Paralysed by Grinder for 2 turns
  2698 | D:4      | Paralysed by Grinder for 5 turns
  2707 | D:4      | Killed Grinder
  2708 | D:4      | Reached skill level 6 in Long Blades
  2708 | D:4      | Reached XP level 7. HP: 45/50 MP: 7/7
  2708 | D:4      | Noticed Eustachio
  2721 | D:4      | Killed Eustachio
  2722 | D:4      | Reached skill level 7 in Long Blades
  2896 | D:4      | Found Inwach's Weapon Emporium.
  2905 | D:4      | Bought 3 stones for 3 gold pieces
  2913 | D:4      | Reached skill level 1 in Evocations
  3186 | D:5      | Entered Level 5 of the Dungeon
  3239 | D:5      | Reached XP level 8. HP: 22/56 MP: 8/8
  4154 | D:6      | Reached skill level 8 in Long Blades
  4339 | D:6      | Identified the +1 ring mail "Eveul" {+Blink rC+ Stlth-}
  4453 | D:6      | Identified the +0 leather armour "Fiuquef" {Rampage Drain
                  | rN+ Str+2}
  4592 | D:6      | Found a broken altar of Ashenzari.
  4735 | D:6      | Found a sacrificial altar of Ru.
  4735 | D:6      | Found an ancient bone altar of Kikubaaqudgha.
  4743 | D:6      | Found a bloodstained altar of Trog.
  4748 | D:6      | Found a sparkling altar of Nemelex Xobeh.
  5089 | D:7      | Found a staircase to the Ecumenical Temple.
  5117 | D:7      | Reached skill level 9 in Long Blades
  5129 | D:7      | Found an iron altar of Okawaru.
  5170 | Temple   | Entered the Ecumenical Temple
  5381 | D:7      | Reached XP level 9. HP: 64/64 MP: 9/9
  5536 | D:7      | You fall into a shaft and drop 2 floors!
  5566 | D:9      | Noticed a kobold demonologist
  5575 | D:9      | Killed a kobold demonologist
  5722 | D:9      | Reached skill level 10 in Long Blades
  5882 | D:9      | Found a snail-covered altar of Cheibriados.
  6164 | D:8      | Reached skill level 5 in Dodging
  6192 | D:8      | Noticed a two-headed ogre
  6205 | D:8      | Killed a two-headed ogre
  6235 | D:8      | Noticed Maggie
  6251 | D:8      | HP: 1/65 [Maggie/+3 broad axe of flaming (3)]
  6253 | D:8      | Killed Maggie
  6254 | D:8      | Reached XP level 10. HP: 1/71 MP: 10/10
  6785 | D:7      | Found an opulent altar of Gozag.
  7298 | D:8      | Found an ornate altar of the Wu Jian Council.
  7716 | D:10     | Entered Level 10 of the Dungeon
  7952 | D:10     | Reached skill level 11 in Long Blades
  7953 | D:10     | Found a staircase to the Orcish Mines.
  8339 | D:10     | Found a basalt altar of Yredelemnul.
  8874 | D:11     | Noticed a death yak
  8883 | D:11     | Noticed a cyclops
  8896 | D:11     | Killed a death yak
  8897 | D:11     | Reached skill level 5 in Fighting
  8897 | D:11     | Reached skill level 12 in Long Blades
  8897 | D:11     | Noticed a death yak
  8903 | D:11     | Noticed a death yak
  8913 | D:11     | Killed a death yak
  8914 | D:11     | Gained mutation: Spells you cast may paralyse adjacent
                  | enemies. [demonic ancestry]
  8914 | D:11     | Reached XP level 11. HP: 79/80 MP: 11/11
  8939 | D:11     | Killed a death yak
  9122 | D:11     | Found a staircase to the Lair.
  9414 | D:11     | Identified a scroll of acquirement
  9414 | D:11     | Acquired the ring of Ofrareom {Wiz rF+ Slay+2 SInv}
 10325 | Temple   | Became a worshipper of Hepliaklqana the Forgotten
 10488 | D:12     | Found Verhoroh's Book Shoppe.
 10973 | D:13     | Noticed a red ugly thing
 10973 | D:13     | Reached * piety under Hepliaklqana
 10985 | D:13     | Killed a red ugly thing
 10986 | D:13     | Reached skill level 13 in Long Blades
 11711 | D:13     | Found Oceurr's Armour Shoppe.
 11798 | D:13     | Noticed a white ugly thing
 11804 | D:13     | Noticed a centaur warrior
 11804 | D:13     | Noticed a five-headed hydra
 11811 | D:13     | Killed a white ugly thing
 11812 | D:13     | Hit by a large rock thrown by a cyclops

Illustrated notes

Levels and vault maps discovered:
D:1:      evilmike_arrival_home_sweet_home, layout_loops_ring,
          kennysheep_doodads, minmay_heptomino_h4
D:2:      layout_basic, basic_altar, uniq_sigmund
D:3:      layout_rooms, serial_glass, glass_columns_a, glass_columns_a,
          grunt_decor_clamped, kennysheep_pointless_box
D:4:      layout_gridville, serial_shops,
          nicolae_shop_temple_entry_statues_fountains, uniq_grinder,
          uniq_eustachio
D:5:      layout_rooms
D:6:      layout_cave_pools, minmay_overflow_temple_hex, serial_column_ruins,
          column_ruins_square_small, column_ruins_open_tiny,
          column_ruins_open_tiny, column_ruins_open_tiny,
          column_ruins_corridor_dead_end, column_ruins_grid_1,
          column_ruins_grid_2, minmay_fire_ice_demons
D:7:      layout_loops_ring, grunt_temple_overflow_gold_and_silver,
          mainiacjoe_overflow_chevrons, minmay_temple_entry_butterflies
D:8:      layout_gridville, mainiacjoe_overflow_concentric_impassable,
          uniq_maggie
D:9:      layout_cave_pools, overflow_temple_1_default
D:10:     layout_irregular_city, lemuel_zombie_altar_yredelemnul, erik_orc_4
D:11:     layout_cave_pools, dpeg_lair_monsters, serial_bayou,
          serial_bayou_lake_a, serial_bayou_crossing, serial_bayou_pond_a,
          serial_bayou_ford_a
D:12:     layout_rooms, serial_shops, nicolae_square_shop
D:13:     layout_loops_ring, skrybe_vaults_entry_preservation, serial_shops,
          kennysheep_mini, minmay_statues_item
Temple:   hellmonk_temple_micro_hex

Skill      XL: |  1  2  3  4  5  6  7  8  9 10 11 |
---------------+----------------------------------+-----
Long Blades    | 3 5 6 7 9 10 12 13 | 13.3
Armour         | 1 2 |  2.0
Stealth        | 2 3 4 |  4.0
Throwing       | 2 |  2.0
Evocations     | 2 |  2.0
Dodging        | 4 6 8 |  8.0
Fighting       | 3 4 5 8 |  8.0

Action                     |  1- 3 |  4- 6 |  7- 9 | 10-12 || total
---------------------------+-------+-------+-------+-------++-------
  Melee: Long sword        |   105 |    82 |   178 |       ||   365
         Tailslap          |     7 |    12 |    43 |    74 ||   136
         Short sword       |       |     8 |       |       ||     8
         Punch             |       |     1 |     4 |     9 ||    14
         Scimitar          |       |       |   123 |   396 ||   519
  Throw: Stone             |    16 |    22 |     6 |       ||    44
         Boomerang         |       |       |    27 |    25 ||    52
         Dart              |       |       |     2 |       ||     2
         Javelin           |       |       |     1 |     5 ||     6
  Evoke: Wand              |       |       |     1 |     6 ||     7
    Use: Scroll            |     9 |     3 |     7 |     4 ||    23
         Potion            |       |     4 |     5 |     4 ||    13
   Stab: Sleeping          |     1 |     1 |     2 |     2 ||     6
         Distracted        |       |       |     2 |     1 ||     3
 Armour: Leather armour    |    22 |       |       |       ||    22
         Ring mail         |    23 |     5 |    29 |       ||    57
         Chain mail        |       |    18 |    79 |       ||    97
         Plate armour      |       |       |    14 |   125 ||   139
         Steam dragon scal |       |       |       |     7 ||     7
  Dodge: Dodged            |    97 |    55 |   322 |   376 ||   850

Table legend: (Time is in decaauts)
 A = Elapsed time spent in this place.
 B = Non-inter-level travel time spent in this place.
 C = Inter-level travel time spent in this place.
 D = Time resting spent in this place.
 E = Time spent auto-exploring this place.
 F = Levels seen in this place.
 G = Mean time per level.
                   A        B        C        D        E       F      G
               +--------+--------+--------+--------+--------+-----+--------+
         Total |  11808 |  10392 |   1416 |   1745 |   5618 |  14 |  843.4 |
       Dungeon |  11790 |  10379 |   1411 |   1745 |   5618 |  13 |  906.9 |
        Temple |     18 |     13 |      5 |      0 |      0 |   1 |   18.0 |
               +--------+--------+--------+--------+--------+-----+--------+

Top non-repeatable levels by time:
    D:11: 1433 daAuts
     D:8: 1205 daAuts
    D:10: 1171 daAuts
     D:2: 1078 daAuts
     D:6: 962 daAuts
     D:7: 902 daAuts
     D:5: 812 daAuts
     D:3: 809 daAuts
    D:13: 775 daAuts
     D:1: 759 daAuts
     D:4: 724 daAuts
     D:9: 699 daAuts
    D:12: 455 daAuts
  Temple: 18 daAuts
